 Dungeon Crawl Stone Soup version 0.24-a0-412-ge138f7e (webtiles) character file.

Game seed: 17538282140186101672

217 pkoi the Cudgeler (level 5, 0/47 HPs)
             Began as a Minotaur Fighter on June 6, 2019.
             Was an Initiate of Okawaru.
             Slain by Natasha (3 damage)
             ... on level 3 of the Dungeon.
             The game lasted 00:03:14 (2940 turns).

pkoi the Cudgeler (Minotaur Fighter)                Turns: 2940, Time: 00:03:16

Health: 0/47       AC: 10    Str: 22    XL:     5   Next: 61%
Magic:  4/4        EV:  6    Int:  5    God:    Okawaru [......]
Gold:   159        SH:  9    Dex:  9    Spells: 4/4 levels left

rFire    + . .     SeeInvis .   a - +0 flail
rCold    + . .     Gourm    .   c - +0 shield
rNeg     . . .     Faith    .   n - +0 chain mail
rPois    +         Spirit   .   (helmet restricted)
rElec    +         Reflect  .   (no cloak)
rCorr    +         Harm     .   (no gloves)
MR       .....                  u - +0 pair of boots
Stlth    ..........             (no amulet)
HPRegen  0.15/turn              (no ring)
MPRegen  0.09/turn              (no ring)

@: resistant
A: retaliatory headbutt, horns 2
a: Renounce Religion


You were on level 3 of the Dungeon.
You worshipped Okawaru.
Okawaru was noncommittal.
You were not hungry.

You visited 1 branch of the dungeon, and saw 4 of its levels.

You collected 159 gold pieces.

Inventory:

Hand Weapons
 a - a +0 flail (weapon)
Armour
 c - a +0 shield (worn)
 n - a +0 chain mail (worn)
 u - a +0 pair of boots (worn)
Jewellery
 g - an uncursed amulet of faith
 l - an uncursed ring of ice
Scrolls
 b - a scroll of amnesia {unknown}
 e - 2 scrolls of remove curse
 h - 2 scrolls of identify
 o - 2 scrolls of teleportation {unknown}
 p - 2 scrolls of noise {unknown}
 r - a scroll of enchant armour {unknown}
 w - a scroll of random uselessness {unknown}
Potions
 d - a potion of might
 j - 2 potions of curing {unknown}
 k - a potion of flight
 m - 2 potions of agility {unknown}
 q - a potion of lignification {unknown}
 s - 2 potions of brilliance {unknown}
 t - a potion of magic {unknown}
 x - a potion of cancellation {unknown}
Comestibles
 f - 7 rations
 v - 13 chunks of flesh


   Skills:
 + Level 4.5 Fighting
 + Level 5.0 Maces & Flails
 + Level 4.6 Armour
 - Level 1.0 Dodging
 + Level 4.5 Shields


You had 4 spell levels left.
You didn't know any spells.
Your spell library was empty.

Dungeon Overview and Level Annotations

Branches:
Dungeon (4/15)
 Temple: D:4-7

Altars:
Okawaru

Annotations:
D:3 1 runed translucent door, Natasha; Neige's ghost, weakling DsMo


Innate Abilities, Weirdness & Mutations

You reflexively headbutt those who attack you in melee.
You have a pair of horns on your head.


Message History

Natasha claws you.
* * * LOW HITPOINT WARNING * * *
You block Natasha's attack. The iron imp barely misses you.
Unknown command.
Unknown command.
It was a potion of resistance.
You feel protected. Natasha claws you but does no damage.
You miss Natasha. You headbutt Natasha!
Natasha is severely wounded.
The iron imp hits you!
* * * LOW HITPOINT WARNING * * *
You block Natasha's attack.
You closely miss Natasha.
Natasha is severely wounded.
You block the iron imp's attack.
Natasha howls an incantation.
You feel disoriented. Natasha claws you.
You die...

#..♣ ♣.♣ ♣..#.....##
#..♣# #♣.♣# #♣.#........
#...♣♣♣...♣♣♣..........#
#................#####.#
#.###.#.######.#.......#
#.# #.#.######.#....#..#
#.###.#......#.#).......
#......h.....#.#....####
###..^.@.........÷......
#....5.....#.#.....###
###.#.................
#.#........#.#......
#.#........#.###.###
#.#.######.......# #.#.#
###.####### #.#.#
#........
#.#.########........


You could see an iron imp and Natasha.

Vanquished Creatures
  An orc priest (D:4)
  2 worker ants (D:3)
  2 orc wizards (D:4)
  3 adders
  2 worms
  A dart slug (D:2)
  3 leopard geckos
  4 orcs
  2 ball pythons
  6 bats
  3 giant cockroaches
  8 goblins
  6 hobgoblins
  A jackal (D:4)
  2 quokkas (D:2)
  2 frilled lizards
  8 kobolds
  8 rats
64 creatures vanquished.

Notes
Turn   | Place    | Note
-------+----------+-------------------------------------------
     0 | D:1      | pkoi the Minotaur Fighter began the quest for the Orb.
     0 | D:1      | Reached XP level 1. HP: 19/19 MP: 0/0
     2 | D:1      | Noticed a troll
     5 | D:1      | Noticed a centaur
     7 | D:1      | Noticed a gargoyle
     7 | D:1      | Noticed a formicid
     9 | D:1      | Noticed a ghoul
    11 | D:1      | Noticed a draconian
    11 | D:1      | Noticed a demigod
    13 | D:1      | Noticed a spriggan
    13 | D:1      | Noticed a minotaur
    15 | D:1      | Noticed a vine stalker
    17 | D:1      | Noticed an octopode
    17 | D:1      | Noticed a dwarf
    19 | D:1      | Noticed an elf
    19 | D:1      | Noticed an ogre
    21 | D:1      | Noticed a tengu
    21 | D:1      | Noticed a naga
    23 | D:1      | Noticed a demonspawn
    23 | D:1      | Noticed a felid
    25 | D:1      | Noticed a human
    25 | D:1      | Noticed a merfolk
    27 | D:1      | Noticed a vampire
    27 | D:1      | Noticed a halfling
    81 | D:1      | Reached skill level 3 in Maces & Flails
   286 | D:1      | Reached XP level 2. HP: 25/26 MP: 1/1
  1038 | D:2      | Reached skill level 4 in Maces & Flails
  1137 | D:2      | Reached XP level 3. HP: 33/33 MP: 2/2
  1577 | D:2      | Found an iron altar of Okawaru.
  1587 | D:2      | Became a worshipper of Warmaster Okawaru
  1830 | D:2      | Reached skill level 1 in Dodging
  1994 | D:3      | Reached XP level 4. HP: 40/40 MP: 3/3
  2098 | D:3      | Found a runed translucent door.
  2613 | D:3      | Noticed Neige's ghost (weakling DsMo)
  2772 | D:3      | Reached XP level 5. HP: 37/46 MP: 4/4
  2891 | D:4      | Reached skill level 5 in Maces & Flails
  2922 | D:4      | Noticed Natasha
  2924 | D:4      | Noticed an ogre
  2940 | D:3      | Slain by Natasha

Levels and vault maps discovered:
D:1:      kb_arrival_jail, layout_basic
D:2:      layout_loops_ring, lemuel_round_altar
D:3:      layout_basic, gammafunk_ghost_grave, grunt_ministairs_10,
          minmay_stone_trees_medium
D:4:      layout_basic, due_unseen_surprise, uniq_natasha

Skill      XL: |  1  2  3  4  5 |
---------------+----------------+-----
Maces & Flails | 3 4 5 |  5.0
Dodging        | 1 |  1.0
Fighting       | 4 |  4.5
Armour         | 4 |  4.6
Shields        | 4 |  4.5

Action                   |  1- 3 |  4- 6 || total
-------------------------+-------+-------++-------
Melee: Flail             |   124 |    95 ||   219
       Headbutt          |    14 |    12 ||    26
  Use: Scroll            |     2 |       ||     2
       Potion            |       |     1 ||     1
  Eat: Chunk             |     3 |     4 ||     7
Armor: Scale mail        |    12 |       ||    12
       Chain mail        |    40 |    40 ||    80
Dodge: Dodged            |    30 |    16 ||    46
Block: Shield            |    55 |    38 ||    93

Table legend:
 A = Non-vault XP
 B = Vault XP
 C = Vault XP percentage of total XP
 D = Non-vault monster count
 E = Vault monster count
 F = Vault count percentage of total count
                 A         B        C        D         E       F
            +---------+---------+-------+---------+---------+-------
      Total |     307 |       3 |   1.0 |      62 |       2 |   3.1
            +---------+---------+-------+---------+---------+-------
        D:1 |      27 |       0 |   0.0 |      17 |       0 |   0.0
        D:2 |      64 |       0 |   0.0 |      22 |       0 |   0.0
        D:3 |     112 |       3 |   2.6 |      17 |       2 |  10.5
        D:4 |     104 |       0 |   0.0 |       6 |       0 |   0.0
            +---------+---------+-------+---------+---------+-------
